 Dungeon Crawl Stone Soup version 0.19-a0-1239-gbb8a913 (webtiles) character file.

2872 FrankyJ the Thaumaturge (level 10, -2/63 HPs)
             Began as a Human Conjurer on Aug 25, 2016.
             Was a Believer of Vehumet.
             Shot with an arrow by a centaur (9 damage)
             ... on level 8 of the Dungeon on Aug 26, 2016.
             The game lasted 00:56:15 (12028 turns).

FrankyJ the Thaumaturge (Human Conjurer)           Turns: 12028, Time: 00:56:16

Health: -2/63      AC:  6    Str:  9    XL:     10   Next: 5%
Magic:  17/22      EV: 12    Int: 22    God:    Vehumet [**....]
Gold:   301        SH:  3    Dex: 13    Spells: 6 memorised, 9 levels left

rFire  . . .     SeeInvis .     s - +3 dagger (venom)
rCold  . . .     Gourm    .     a - +1 robe
rNeg   . . .     Faith    .     (no shield)
rPois  .         Spirit   .     (no helmet)
rElec  .         Dismiss  .     e - +2 cloak
rCorr  .         Reflect  +     (no gloves)
MR     .....     Harm     .     (no boots)
Stlth  ++........               t - +3 amulet of reflection
                                (no ring)
                                r - +3 ring of intelligence

@: no status effects
A: no striking features
a: Renounce Religion


You were on level 8 of the Dungeon.
You worshipped Vehumet.
Vehumet was pleased with you.
You were not hungry.

You visited 2 branches of the dungeon, and saw 9 of its levels.

You collected 301 gold pieces.

Inventory:

Hand Weapons
 s - a +3 dagger of venom (weapon)
 w - a +0 blowgun
Missiles
 i - 2 curare-tipped needles
 k - 43 poisoned needles
 m - 11 tomahawks
 q - 5 needles of sleeping
 v - 12 javelins (quivered)
 C - 4 throwing nets
 M - 3 steel tomahawks
Armour
 a - a +1 robe (worn)
 e - a +2 cloak (worn)
 B - a +0 pair of gloves
 L - a +2 robe of positive energy
Jewellery
 r - a +3 ring of intelligence (left hand)
 t - a +3 amulet of reflection (around neck)
 P - an uncursed ring of magical power {unknown}
 Q - a cursed -5 ring of evasion {unknown}
 V - a +4 ring of protection {unknown}
Wands
 x - a wand of random effects (45/48)
 D - a wand of paralysis (15/24)
 G - a wand of lightning (6/15)
 H - a wand of slowing (19/48)
 J - a wand of lightning (5/15)
 N - a wand of iceblast (4/15)
 T - a wand of disintegration (10/24)
Scrolls
 f - 7 scrolls of identify
 g - a scroll of remove curse
 h - a scroll of fog
 y - a scroll of amnesia
 z - 6 scrolls of recharging
 F - a scroll of blinking
 I - 2 scrolls of fear {unknown}
 K - 2 scrolls of random uselessness {unknown}
 O - a scroll of magic mapping
Potions
 d - 2 potions of resistance
 j - 2 potions of might {unknown}
 l - 3 potions of flight {unknown}
 n - 2 potions of degeneration {unknown}
 o - a potion of ambrosia {unknown}
 A - a potion of cure mutation {unknown}
 S - a potion of agility {unknown}
Books
 b - a book of Conjurations

   Spells                             Type                      Level
   a - Magic Dart                     Conjuration                  1
   b - Searing Ray                    Conjuration                  2
   c - Dazzling Spray                 Conjuration/Hexes            3
   d - Fulminant Prism                Conjuration/Hexes            4
   e - Iskenderun's Mystic Blast      Conjuration                  4
   f - Iskenderun's Battlesphere      Conjuration/Charms           5
 u - a book of Beasts

   Spells                             Type                      Level
   a - Summon Butterflies             Summoning                    1
   b - Call Canine Familiar           Summoning                    3
   c - Summon Ice Beast               Ice/Summoning                4
   d - Summon Mana Viper              Hexes/Summoning              5
   e - Summon Hydra                   Summoning                    7
 R - a book of Cantrips

   Spells                             Type                      Level
   a - Confusing Touch                Hexes                        1
   b - Animate Skeleton               Necromancy                   1
   c - Summon Small Mammal            Summoning                    1
   d - Apportation                    Translocation                1
 U - a book of Battle

   Spells                             Type                      Level
   a - Infusion                       Charms                       1
   b - Shroud of Golubria             Charms/Translocation         2
   c - Song of Slaying                Charms                       2
   d - Spectral Weapon                Hexes/Charms                 3
   e - Regeneration                   Charms/Necromancy            3
Comestibles
 c - 7 bread rations
 p - 4 meat rations
 E - 2 royal jellies
 W - a chunk of flesh


   Skills:
 - Level 1.0 Short Blades
 - Level 2.0 Dodging
 - Level 2.0 Stealth
 + Level 8.4 Spellcasting
 - Level 8.2 Conjurations
 - Level 4.2 Hexes
 + Level 4.3 Summonings


You had 9 spell levels left.
You knew the following spells:

 Your Spells              Type           Power        Failure   Level  Hunger
a - Magic Dart            Conj           ####         1%          1    None
b - Searing Ray           Conj           #####.       1%          2    None
c - Dazzling Spray        Conj/Hex       #####.       1%          3    None
d - Call Canine Familiar  Summ           ####....     4%          3    None
e - Fulminant Prism       Conj/Hex       #####.....   8%          4    ###....
f - Regeneration          Chrm/Necr      #.........   21%         3    None


Dungeon Overview and Level Annotations

Branches:
Dungeon (8/15)             Temple (1/1) D:5
   Lair: D:8-11

Altars:
Ashenzari
Cheibriados
Dithmenos
Fedhas
Gozag
Hepliaklqana
Kikubaaqudgha
Makhleb
Nemelex Xobeh
Okawaru
Ru
Sif Muna
Trog
Uskayaw
Vehumet
Xom
Yredelemnul
The Shining One
Lugonu

Shops:
D:7 :

Annotations:
D:5 rogsnak's ghost, novice DEWz


Message History

Aiming: Searing Ray
Press: ? - help, Shift-Dir - straight line, f - centaur
Aim: a centaur, wielding a shortbow The searing ray hits the centaur.
The centaur shoots an arrow.
The arrow hits you!
The centaur shoots an arrow.
The arrow completely misses you.
The searing ray hits the centaur.
The centaur is lightly wounded.
The centaur shoots an arrow.
The arrow barely misses you.
The searing ray hits the centaur.
The centaur is heavily wounded.
The centaur shoots an arrow.
The arrow hits you!
* * * LOW HITPOINT WARNING * * *
The centaur shoots an arrow.
The arrow hits you!
* * * LOW HITPOINT WARNING * * *
The searing ray hits the centaur.
The centaur is almost dead.
You finish channeling your searing ray.
The centaur shoots an arrow.
The arrow hits you!
You die...

#.# #.# #.#..#
#.####.###.#..#
#.............#
###.##.###.##.# # #.#
#.##.# #.#
#.##.########### #.#
#.##...........# #.#
#.############.# #.# #@#
#.#
#.#.##.###.############.#
#..c...(.c.>..(...).....#
###.##.####.#############
#. #.# .. #.# ... #.#
##.. #.# #.# #.#


You could see a centaur.

Vanquished Creatures
  A centaur skeleton (D:7)
  Sigmund (D:4)
  Edmund (D:4)
  2 sky beasts (D:7)
  2 wasps
  A necrophage (D:5)
  2 centaurs
  4 ogres
  2 giant frogs (D:6)
  A wyvern zombie (D:7)
  A scorpion (D:8)
  5 wights (D:6)
  A crimson imp (D:7)
  A quasit (D:6)
  3 orc priests
  Crazy Yiuf (D:2)
  2 hounds (D:4)
  3 iguanas
  2 orc wizards
  A giant frog skeleton (D:5)
  Jessica (D:2)
  Ijyb (D:2)
  6 worker ants
  A worker ant zombie (D:7)
  7 gnolls
  10 adders
  An ooze (D:1)
  2 adder skeletons
  3 dart slugs
  2 giant geckos
  34 orcs
  3 giant cockroaches
  12 goblins
  7 hobgoblins
  6 jackals
  4 quokkas
  A ball python (D:3)
  8 bats
  4 giant newts
  13 kobolds
  9 rats
172 creatures vanquished.

Vanquished Creatures (others)
  8 fulminant prisms
8 creatures vanquished.

Grand Total: 180 creatures vanquished

Notes
Turn   | Place    | Note
-------+----------+-------------------------------------------
     0 | D:1      | FrankyJ the Human Conjurer began the quest for the Orb.
     0 | D:1      | Reached XP level 1. HP: 13/13 MP: 3/3
    79 | D:1      | Reached XP level 2. HP: 6/19 MP: 0/5
   349 | D:1      | Learned a level 2 spell: Searing Ray
   917 | D:1      | Upgraded the game from 0.19-a0-1225-gf887c1c to 0.19-a0-1239-gbb8a913
   917 | D:1      | Reached XP level 3. HP: 24/24 MP: 1/7
  2015 | D:2      | Learned a level 3 spell: Dazzling Spray
  2105 | D:2      | Noticed Jessica
  2115 | D:2      | Killed Jessica
  2115 | D:2      | Reached XP level 4. HP: 29/30 MP: 4/9
  2187 | D:2      | Found an iron altar of Okawaru.
  2208 | D:2      | Noticed Ijyb
  2253 | D:2      | Killed Ijyb
  2253 | D:2      | Reached XP level 5. HP: 33/35 MP: 5/11
  2541 | D:2      | Learned a level 3 spell: Call Canine Familiar
  2907 | D:2      | Found a runed door.
  3011 | D:2      | Reached skill level 1 in Hexes
  3012 | D:2      | Found a radiant altar of Vehumet.
  3086 | D:2      | Became a worshipper of Vehumet
  3259 | D:2      | Noticed Crazy Yiuf
  3267 | D:2      | Killed Crazy Yiuf
  3470 | D:2      | Reached XP level 6. HP: 41/41 MP: 8/12
  3596 | D:2      | Learned a level 4 spell: Fulminant Prism
  4011 | D:3      | Found an opulent altar of Gozag.
  4011 | D:3      | Found a sparkling altar of Nemelex Xobeh.
  4365 | D:3      | Reached skill level 5 in Conjurations
  5497 | D:4      | Noticed Edmund
  5947 | D:4      | Noticed an ogre
  5952 | D:4      | Killed an ogre
  5952 | D:4      | Reached skill level 5 in Spellcasting
  5952 | D:4      | Reached XP level 7. HP: 21/46 MP: 9/14
  6190 | D:4      | Reached * piety under Vehumet
  6190 | D:4      | Offered knowledge of Sandblast by Vehumet.
  6343 | D:4      | Noticed Sigmund
  6359 | D:5      | Entered Level 5 of the Dungeon
  6359 | D:5      | Found a staircase to the Ecumenical Temple.
  6561 | D:5      | Reached skill level 1 in Summonings
  6604 | D:5      | Noticed rogsnak's ghost (novice DEWz)
  6605 | Temple   | Entered the Ecumenical Temple
  6679 | D:4      | Found a snail-covered altar of Cheibriados.
  6812 | D:4      | Reached XP level 8. HP: 52/52 MP: 8/16
  7073 | D:4      | Killed Edmund
  7141 | D:4      | Killed Sigmund
  7852 | D:5      | Reached skill level 1 in Short Blades
  7959 | D:5      | Reached ** piety under Vehumet
  7959 | D:5      | Offered knowledge of Freeze by Vehumet.
  8439 | D:6      | Reached XP level 9. HP: 34/57 MP: 16/18
  8560 | D:6      | Paralysed by a wasp for 1 turns
  8791 | D:6      | Found a blossoming altar of Fedhas.
  8966 | D:6      | Found a bloodstained altar of Trog.
  9260 | D:6      | Found a shimmering altar of Xom.
  9263 | D:6      | Found a glowing golden altar of the Shining One.
  9265 | D:6      | Found an ancient bone altar of Kikubaaqudgha.
 10216 | D:7      | Offered knowledge of Mephitic Cloud by Vehumet.
 10441 | D:7      | Found Plog's Book Boutique.
 11568 | D:7      | Learned a level 3 spell: Regeneration
 11808 | D:8      | Reached XP level 10. HP: 39/63 MP: 18/22
 12028 | D:8      | Shot with an arrow by a centaur

Vault maps used:
D:1:      dpeg_arrival_leaves_temple_mockup, nrook_mini_vaults, fountainhead,
          minivault_27
D:2:      marbit_many_paths, okawaru_ov_weapons_minmay, first_bread, uniq_iyjb,
          uniq_jessica, uniq_crazy_yiuf_cottage
D:3:      grunt_temple_overflow_opulence
D:4:      cheibriados_altar_wand_db, uniq_edmund, uniq_sigmund
D:6:      nicolae_overflow_hidden_temple, minitemple, overflow_temple_1_default,
          kennysheep_big_empty_room, kennysheep_pointless_box,
          trog_hazing_becter
D:7:      serial_shops, nicolae_shop_statue_plus
D:8:      nicolae_qazlal_eye_of_the_storm
Temple:   corrupted_temple

Skill      XL: |  1  2  3  4  5  6  7  8  9 |
---------------+----------------------------+-----
Spellcasting   | 3 4 5 6 8 |  8.4
Hexes          | 1 2 3 4 |  4.2
Conjurations   | 5 6 7 8 |  8.2
Summonings     | 1 4 |  4.3
Short Blades   | 1 |  1.0
Dodging        | |  2.0
Stealth        | |  2.0

Action                   |  1- 3 |  4- 6 |  7- 9 | 10-12 || total
-------------------------+-------+-------+-------+-------++-------
Melee: Unarmed           |    16 |       |       |       ||    16
       Dagger            |    15 |    11 |    51 |       ||    77
 Cast: Magic Dart        |    24 |    29 |    11 |       ||    64
       Searing Ray       |     9 |    31 |    77 |     2 ||   119
       Dazzling Spray    |     1 |       |       |       ||     1
       Call Canine Famil |       |     3 |       |       ||     3
       Fulminant Prism   |       |       |     7 |     1 ||     8
Evoke: Wand              |       |       |     1 |       ||     1
  Use: Scroll            |       |     9 |     2 |       ||    11
 Stab: Sleeping          |     1 |     1 |     3 |       ||     5
  Eat: Chunk             |     4 |    11 |    15 |     1 ||    31
       Beef jerky        |       |     1 |     1 |       ||     2
       Pizza             |       |       |     1 |       ||     1
Armor: Robe              |     9 |     9 |    36 |       ||    54
Dodge: Dodged            |    32 |    31 |   103 |     3 ||   169
Block: Other             |       |     3 |    15 |       ||    18
